 Dungeon Crawl Stone Soup version 0.30-a0-389-g8d7d949f56 (webtiles) character file.

Game seed: 9836440881053110452

400 cowcol the Chopper (level 6, -3/79 HPs)
             Began as a Draconian Berserker on Dec 3, 2022.
             Was a Believer of Trog.
             Slain by Duvessa
             ... wielding a +0 short sword
              (11 damage)
             ... on level 4 of the Dungeon.
             The game lasted 00:10:14 (3618 turns).

cowcol the Chopper (Draconian Berserker)            Turns: 3618, Time: 00:10:14

Health: -3/79      AC: -6    Str: 21    XL:     6   Next: 54%
Magic:  6/6        EV: 12    Int:  7    God:    Trog [**....]
Gold:   86         SH:  0    Dex: 11    Spells: 5/5 levels left

rFire   . . .      SeeInvis .    n - +0 long sword
rCold   . . .      Faith    .    (no shield)
rNeg    . . .      Spirit   .    (body armour unavailable)
rPois   .          Reflect  .    (helmet restricted)
rElec   .          Harm     .    (no cloak)
rCorr   .          Rampage  .    (no gloves)
Will    .....                    (no boots)
Stlth   ..........               (no amulet)
HPRegen 0.33/turn                (no ring)
MPRegen 0.10/turn                (no ring)

@: berserking, corroded, very quick
A: AC +6, unfitting armour, cold-blooded
a: Renounce Religion, Berserk, Trog's Hand


You were on level 4 of the Dungeon.
You worshipped Trog.
Trog was pleased with you.
You visited 1 branch of the dungeon, and saw 4 of its levels.

You collected 86 gold pieces.

Inventory:

Hand Weapons
 a - a +0 hand axe
 c - a +0 dagger
 m - a +0 flail
 n - a +0 long sword (weapon)
 o - a +0 club
Missiles
 l - 6 javelins (quivered)
Armour
 v - a +0 cloak
Scrolls
 d - a scroll of teleportation
 g - a scroll of fear
 i - a scroll of magic mapping {unknown}
 k - 2 scrolls of vulnerability
 p - a scroll of noise {unknown}
 q - a scroll of enchant weapon {unknown}
 r - a scroll of immolation {unknown}
 s - a scroll of poison {unknown}
Potions
 b - a potion of curing {unknown}
 e - 6 potions of heal wounds
 f - a potion of ambrosia {unknown}
 h - a potion of flight {unknown}
 j - a potion of might {unknown}
 t - 2 potions of lignification {unknown}
 u - a potion of attraction {unknown}
 w - a potion of mutation {unknown}


   Skills:
 + Level 4.5 Fighting
 - Level 0.3(1.3) Short Blades
 * Level 2.1(2.2) Long Blades
 + Level 5.4 Axes
 + Level 0.2 Throwing
 + Level 3.6 Dodging
 + Level 1.3 Stealth


You had 5 spell levels left.
You didn't know any spells.
Your spell library was empty.

Dungeon Overview and Level Annotations

Branches:
Dungeon (4/15)             Temple (0/1) D:4

Altars:
Fedhas
Kikubaaqudgha
Wu Jian
Xom
The Shining One

Shops:
D:1 *

Annotations:
D:4 2 runed translucent doors, Darkkill's ghost, amateur MiHu; Dowan; Duvessa


Innate Abilities, Weirdness & Mutations

Your plain brown scales are hard. (AC +6)
You cannot fit into any form of body armour.
You are cold-blooded and may be slowed by cold attacks.


Message History

The jelly hits you but does no damage. The jelly closely misses you.
You hit the jelly.
Your hands burn!
The jelly is severely wounded.
The jelly hits you. The acid corrodes you!
You are splashed with acid.
A red film seems to cover your vision as you go berserk!
You feel yourself moving faster!
You feel mighty! The jelly hits you. The acid corrodes you!
You are splashed with acid!
Duvessa hits you with a +0 short sword.
Dowan casts a spell.
Dowan blinks!
You hit Duvessa but do no damage.
Your skin stops crawling.
You feel less strong-willed. The jelly closely misses you.
Duvessa closely misses you.
You slash Duvessa!
Duvessa is moderately wounded.
The jelly hits you.
You are splashed with acid!
* * * LOW HITPOINT WARNING * * *
Duvessa hits you with a +0 short sword.
* * * LOW HITPOINT WARNING * * *
You hit Duvessa but do no damage.
Duvessa is moderately wounded.
Unknown command.
You hit Duvessa.
Duvessa is heavily wounded.
The jelly barely misses you. Duvessa hits you with a +0 short sword!
* * * LOW HITPOINT WARNING * * *
You barely miss Duvessa.
Duvessa is heavily wounded.
The jelly closely misses you. Duvessa misses you.
Unknown command.
You closely miss Duvessa.
Duvessa is heavily wounded.
Dowan mumbles some strange words.
Dowan blinks!
The jelly barely misses you. Duvessa hits you with a +0 short sword.
* * * LOW HITPOINT WARNING * * *
You slash Duvessa!
Duvessa is heavily wounded.
Duvessa hits you with a +0 short sword!
You die...

#.... #......# #...
#...S..# #.[.. #......#
+.... #.S....# ######...
####......#
#....^.######ยง.....####
#......#....'......#
#......#...J#......#
#......'..e@#......#
#......#...##......#
#......#####.......#
#......# #########
#......# #......# .
#......# . #......# W.
.. #. #......# ...(##.
#.


You could see Duvessa (resistant) and a jelly.

Vanquished Creatures
  An ogre (D:4)
  A phantom (D:4)
  Terence (D:2)
  11 adders
  A gnoll (D:3)
  2 river rats (D:3)
  3 worms
  4 dart slugs
  4 orcs
  4 endoplasms (D:1)
  A giant cockroach (D:2)
  3 goblins
  6 hobgoblins
  5 jackals
  3 kobolds
  A quokka (D:3)
  7 ball pythons
  4 bats
  5 frilled lizards
  12 rats
79 creatures vanquished.

Notes
Turn   | Place    | Note
-------+----------+-------------------------------------------
     0 | D:1      | cowcol the Draconian Berserker began the quest for the Orb.
     0 | D:1      | Reached XP level 1. HP: 19/19 MP: 1/1
   226 | D:1      | Reached XP level 2. HP: 22/26 MP: 2/2
   381 | D:1      | Found Qemn's General Store.
   855 | D:2      | Reached XP level 3. HP: 31/31 MP: 3/3
  1290 | D:2      | Reached skill level 4 in Axes
  1313 | D:2      | Noticed Terence
  1323 | D:2      | Killed Terence
  1324 | D:2      | Reached XP level 4. HP: 40/40 MP: 4/4
  1781 | D:2      | Found an ancient bone altar of Kikubaaqudgha.
  1887 | D:2      | Found a faded altar of an unknown god.
  2179 | D:3      | Reached ** piety under Trog
  2229 | D:3      | Reached XP level 5. HP: 46/46 MP: 5/5
  2361 | D:3      | Reached skill level 1 in Long Blades
  2689 | D:3      | Reached skill level 1 in Stealth
  3323 | D:4      | Found a glowing golden altar of the Shining One.
  3323 | D:4      | Found an ancient bone altar of Kikubaaqudgha.
  3323 | D:4      | Found an ornate altar of the Wu Jian Council.
  3326 | D:4      | Found a blossoming altar of Fedhas.
  3369 | D:4      | Noticed an ogre
  3375 | D:4      | Killed an ogre
  3376 | D:4      | Reached skill level 5 in Axes
  3376 | D:4      | Reached XP level 6. HP: 53/53 MP: 6/6
  3415 | D:4      | Found a staircase to the Ecumenical Temple.
  3425 | D:4      | Found a shimmering altar of Xom.
  3481 | D:4      | Found a runed translucent gate.
  3481 | D:4      | Noticed Darkkill's ghost (amateur MiHu)
  3482 | D:4      | Found a runed translucent gate.
  3592 | D:4      | Noticed Duvessa
  3592 | D:4      | Noticed Dowan
  3618 | D:4      | Slain by Duvessa

Illustrated notes

Levels and vault maps discovered:
D:1:      onia_arrival_handbag, layout_loops_ring, serial_shops, shop
D:2:      layout_loops_cross, hellmonk_ecumenical_altar_defaced_shrine,
          basic_altar, uniq_terence
D:3:      minmay_chambers_of_threes, layout_loops_cross,
          lightli_sewer_entry_pipes
D:4:      layout_gridville, mainiacjoe_overflow_six_doors_small, minitemple,
          temple_fountains, ebering_ghost_rock_garden, palyth_stone_intersect,
          uniq_pikel, uniq_grinder, uniq_duvessa, uniq_blork_the_orc,
          uniq_natasha

Skill      XL: |  1  2  3  4  5  6 |
---------------+-------------------+-----
Dodging        | 3 |  3.6
Axes           | 4 5 |  5.4
Long Blades    | 1 2 |  2.1
Fighting       | 4 |  4.5
Stealth        | 1 |  1.3
Short Blades   | |  0.3
Throwing       | |  0.2

Action                   |  1- 3 |  4- 6 || total
-------------------------+-------+-------++-------
Melee: Hand axe          |    84 |   127 ||   211
       Tailslap          |     9 |    17 ||    26
       Punch             |     1 |       ||     1
       Long sword        |       |    32 ||    32
Throw: Javelin           |     4 |       ||     4
Invok: Berserk           |     3 |     8 ||    11
       Trog's Hand       |       |     1 ||     1
  Use: Scroll            |     1 |     2 ||     3
       Potion            |       |     1 ||     1
 Stab: Sleeping          |       |     1 ||     1
Armor: Skin              |    17 |    39 ||    56
Dodge: Dodged            |    40 |    96 ||   136

Table legend: (Time is in decaauts)
 A = Elapsed time spent in this place.
 B = Non-inter-level travel time spent in this place.
 C = Inter-level travel time spent in this place.
 D = Time resting spent in this place.
 E = Time spent auto-exploring this place.
 F = Levels seen in this place.
 G = Mean time per level.
                   A        B        C        D        E       F      G
               +--------+--------+--------+--------+--------+-----+--------+
         Total |   3772 |   3612 |    160 |    969 |   1527 |   4 |  943.0 |
       Dungeon |   3772 |   3612 |    160 |    969 |   1527 |   4 |  943.0 |
               +--------+--------+--------+--------+--------+-----+--------+

Top non-repeatable levels by time:
     D:3: 1376 daAuts
     D:2: 1198 daAuts
     D:1: 857 daAuts
     D:4: 340 daAuts
